AoeStats
← freddych0p

Arabia

510348158Analyzed
1v1 RM · 1d ago on Sep 30, 2026· 58m 15s· 2 players
Game mode
Random Map
Map size
Tiny (2 player)
Population
200
Speed
Normal
Resources
Standard
Victory
Conquest
Starting age
Dark Age
Ending age
Imperial Age
RankedLock teamsTeams togetherTeam positionsShared explorationLock speedFull tech treeHidden civsTurbo modeCheats
Victory
Defeat
🇺🇸 Malay · United States
1257
+19
🇨🇿 Slavs · Czechia
1312
-19
freddych0p
7:20 Loom
9:50 Feudal Age
9:39 Double-Bit Axe
10:57 Man-at-Arms
12:32 Horse Collar
14:48 Fletching
20:54 Castle Age
19:54 Crossbowman
20:55 Bow Saw
21:18 Pikeman
23:22 Husbandry
23:25 Padded Archer Armor
23:58 Bodkin Arrow
25:17 Squires
28:40 Scale Barding Armor
30:35 Thumb Ring
30:49 Heavy Plow
31:47 Wheelbarrow
31:52 Forging
32:27 Town Watch
34:05 Man-at-Arms
34:31 Arson
35:06 Hand Cart
35:13 Gold Mining
35:59 Ballistics
35:16 Long Swordsman
37:01 Iron Casting
37:03 Leather Archer Armor
40:39 Imperial Age
37:48 Elite Skirmisher
40:29 Conscription
40:11 Forced Levy
39:34 Two-Handed Swordsman
40:18 Bracer
41:09 Crop Rotation
42:22 Blast Furnace
42:22 Ring Archer Armor
42:12 Halberdier
44:39 Chemistry
44:08 Light Cavalry
44:52 Stone Mining
49:57 Elite Battle Elephant
50:03 Arbalester
58:44 Gold Shaft Mining
58:45 Stone Shaft Mining
57:35 Elite Karambit Warrior
Jenys
6:43 Loom
9:01 Feudal Age
10:14 Double-Bit Axe
18:17 Horse Collar
21:12 Castle Age
19:10 Horse Collar
20:18 Bloodlines
20:25 Scale Barding Armor
21:27 Forging
22:06 Husbandry
22:20 Bow Saw
24:20 Heavy Plow
26:51 Chain Barding Armor
30:19 Fletching
31:23 Bodkin Arrow
31:29 Padded Archer Armor
30:59 Elite Skirmisher
33:26 Sanctity
34:46 Iron Casting
35:35 Town Watch
36:29 Ballistics
39:12 Imperial Age
37:33 Wheelbarrow
37:49 Gold Mining
38:43 Stone Mining
39:57 Leather Archer Armor
39:56 Masonry
39:46 Murder Holes
40:48 Plate Barding Armor
41:35 Blast Furnace
40:07 Cavalier
41:55 Hand Cart
41:40 Town Patrol
42:38 Crop Rotation
43:33 Ring Archer Armor
43:24 Town Patrol
44:14 Conscription
44:54 Scale Mail Armor
47:23 Chemistry
47:49 Elite Boyar
50:24 Conscription
49:41 Light Cavalry
50:11 Crossbowman
54:00 Hussar
54:55 Pikeman
55:35 Squires
55:54 Chain Mail Armor
55:56 Halberdier
Connection lost

Rejoining the realm…

Still unreachable

The connection could not be restored.

Session expired

The server has moved on; the page needs a fresh start.